 Dungeon Crawl Stone Soup version 0.29-a0-575-g0dc89cf053 (webtiles) character file.

Game seed: 7036408624031318147

1166 spiderkeys the Reanimator (level 8, -5/52 HPs)
             Began as a Mummy Necromancer on June 13, 2022.
             Slain by Maggie
             ... wielding a +1 glaive of flaming
              (19 damage)
             ... on level 6 of the Dungeon.
             The game lasted 00:15:16 (5403 turns).

spiderkeys the Reanimator (Mummy Necromancer)       Turns: 5403, Time: 00:15:17

Health: -5/52      AC:  5    Str: 14    XL:     8   Next: 17%
Magic:  15/18      EV: 12    Int: 16    God:
Gold:   262        SH:  0    Dex: 19    Spells: 17/21 levels left

rFire   . . .      SeeInvis .   i - +4 short sword (protect)
rCold   + + .      Faith    .   (no shield)
rNeg    + + +      Spirit   .   u - +1 robe of Zoselack {Fly Dex+4}
rPois   ∞          Reflect  .   F - +1 helmet of Luypn {Str+3 Dex+2}
rElec   .          Harm     .   f - scarf {rC+ rF+}
rCorr   .          Rampage  .   (no gloves)
Will    +....                   (no boots)
Stlth   ++........              d - amulet of magic regeneration
HPRegen 0.17/turn               (no ring)
MPRegen 0.56/turn               (no ring)

@: flying, mesmerised
A: cold resistance 1, negative energy resistance 3, torment resistance 2, heat
vulnerability 1, in touch with death 1, no potions
a: no special abilities


You were on level 6 of the Dungeon.
You visited 1 branch of the dungeon, and saw 6 of its levels.
You also visited: Sewer.

You collected 262 gold pieces.


Innate Abilities, Weirdness & Mutations

You are immune to poison.
Your flesh is cold resistant. (rC+)
You are immune to negative energy. (rN+++)
You are immune to unholy pain and torment.
You are vulnerable to heat. (rF-)
You are in touch with the powers of death.
You do not drink.


   Skills:
 - Level 1.5 Dodging
 - Level 1.5 Stealth
 + Level 7.2 Spellcasting
 - Level 9.0 Necromancy


You had 17 spell levels left.
You knew the following spells:

 Your Spells              Type           Power      Damage    Failure   Level
v - Vampiric Draining     Necr           51%        2d9       1%          3
X - Necrotize             Necr           100%       1d9       1%          1

Your spell library contained the following spells:

 Spells                   Type           Power      Damage    Failure   Level
 Animate Dead             Necr           51%        N/A       3%          4
 Agony                    Necr           51%        N/A       9%          5
 Petrify                  Tmut/Erth      5%         N/A       77%         4
 Irradiate                Conj/Tmut      2%         3d14      98%         5
 Sublimation of Blood     Necr           Unusable   N/A       N/A         2

Inventory:

Hand Weapons
 a - a +0 hunting sling
   (You found it on level 1 of the Dungeon)
 i - a +4 short sword of protection (weapon)
   (You took it off a kobold in a sewer)
Missiles
 h - 127 stones
 k - 2 throwing nets {=f!f}
 p - 10 poisoned darts
 D - 3 javelins
Armour
 f - a scarf of resistance (worn)
   (You found it on level 1 of the Dungeon)
 o - a +2 robe of willpower
   (You took it off Sigmund on level 4 of the Dungeon)
 u - the +1 robe of Zoselack (worn) {Fly Dex+4}
   (You found it on level 3 of the Dungeon)

   Dex:       It affects your dexterity (+4).
   Fly:       It grants you flight.
 F - the +1 helmet of Luypn (worn) {Str+3 Dex+2}
   (You found it on level 5 of the Dungeon)

   Str:       It affects your strength (+3).
   Dex:       It affects your dexterity (+2).
 H - a scarf of repulsion
   (You found it on level 5 of the Dungeon)
Jewellery
 d - an amulet of magic regeneration (around neck)
   (You found it on level 1 of the Dungeon)
 G - an amulet of guardian spirit
   (You found it on level 1 of the Dungeon)
Wands
 r - a wand of iceblast (1)
   (You found it on level 3 of the Dungeon)
Scrolls
 c - a scroll of poison
 e - a scroll of amnesia
 g - 3 scrolls of enchant armour {unknown}
 j - a scroll of fear
 l - 2 scrolls of fog {unknown}
 m - 2 scrolls of teleportation {@r4}
 n - a scroll of silence {!r}
 q - a scroll of enchant weapon
 E - a scroll of vulnerability {!r!r}

Dungeon Overview and Level Annotations

Branches:
Dungeon (6/15)              Sewer (visited)
 Temple: D:4-7

Altars:
Kikubaaqudgha
Trog

Annotations:
D:6 Maggie

<.........
#.......................
........................
........................
##......................
........................
........................
................@.......
.#.............)@.......
.###....................
..##............?.......
........................
........................
..####..................
..#####.................
....##..................
##.....##...............


You could see Maggie (mesmerising).


Message History

You hit the ufetubus.
Your weapon exudes an aura of protection.
The ufetubus barely misses you.
The ufetubus hits you but does no damage. 😎 HP[+1] MP[+1]
Your hp is fully restored (52).
Your mp is fully restored (18).
You completely miss the ufetubus.
The ufetubus hits you but does no damage. x2
The ufetubus closely misses you. The ufetubus completely misses you.
You hit the ufetubus.
You kill the ufetubus!
An orc comes into view. It is wielding a +0 short sword.
An orc is nearby!
An orc is nearby!
You can't see any susceptible monsters within range! (Use Z to cast anyway.)
You feel a surge of power!
The orc shouts!
The orc barely resists.
You hear a shout! 😎 MP[-1]
You lost 1 mp, and now have 17/18 mp.
You feel a surge of power!
The orc writhes in agony.
You feel a surge of power!
The orc writhes in agony. 😎 MP[-1]
You lost 1 mp, and now have 16/18 mp.
You feel a surge of power!
The orc writhes in agony.
Maggie the Vainglorious comes into view.
She is wielding a +1 glaive of flaming.
You feel a surge of power!
The orc writhes in agony.
You kill the orc!
The dead are walking! 😎 MP[-1]
You lost 1 mp, and now have 15/18 mp.
What are your orders? t - Shout!
Orders for allies: a - Attack new target. r - Retreat! s - Stop attacking. g - Guard the area. f - Follow me.
Anything else - Cancel.
Gang up on whom?
Press: ? - help, Dir - move target, f - Maggie
Aim: Maggie, wielding a +1 glaive of flaming and wearing +0 steam dragon scales Attack! 😎 MP[+1]
You see here a scroll labelled BUDDOGHUGU.
You feel a surge of power!
Maggie barely resists.
Maggie casts a spell at you. The bolt of fire misses you.
You feel a surge of power!
Maggie writhes in agony.
Maggie casts a spell.
Maggie attempts to bespell you!
You are mesmerised by Maggie!
You can't see any susceptible monsters within range! (Use Z to cast anyway.) Unknown command.
Maggie points at you and mumbles some strange words.
The bolt of fire hits your orc skeleton!!
Your orc skeleton is destroyed!
The bolt of fire hits you!! 😮 HP[-24]
You take 24 damage, and now have 28/52 hp.
MASSIVE DAMAGE!! (PAUSE)
You are too injured to fight recklessly!
Casting: Necrotize (safe; 1% risk of failure)
Confirm with . or Enter, or press ? or * to list all spells.
You don't know that spell.
Aiming: Iceblast
Press: ? - help, Shift-Dir - straight line, f/p - Maggie
Aim: Maggie, wielding a +1 glaive of flaming and wearing +0 steam dragon scales (lightly wounded, mesmerising)
The mass of ice explodes!
The iceblast engulfs Maggie! 😮 MP[+1]
Aiming: Iceblast
Press: ? - help, Shift-Dir - straight line, f/p - Maggie
Aim: Maggie, wielding a +1 glaive of flaming and wearing +0 steam dragon scales (moderately wounded, mesmerising)
The mass of ice explodes!
The iceblast engulfs Maggie!
Casting: Necrotize (safe; 1% risk of failure)
Confirm with . or Enter, or press ? or * to list all spells.
You can't see any susceptible monsters within range! (Use Z to cast anyway.) Unknown command.
Aiming: Iceblast
Press: ? - help, Shift-Dir - straight line, f/p - Maggie
Aim: Maggie, wielding a +1 glaive of flaming and wearing +0 steam dragon scales (heavily wounded, mesmerising)
The mass of ice explodes!
The iceblast engulfs Maggie!
Maggie gestures wildly while chanting.
Maggie draws you further into her thrall. 😮 MP[+1]
Your mp is fully restored (18).
Maggie casts a spell at you. The bolt of fire hits you!!
* * * LOW HITPOINT WARNING * * *
😱 HP[-19]
You take 19 damage, and now have 9/52 hp.
MASSIVE DAMAGE!! (PAUSE)
Casting: Necrotize (safe; 1% risk of failure)
Confirm with . or Enter, or press ? or * to list all spells.
Aiming: Vampiric Draining (safe; 1% risk of failure)
Press: ? - help, Shift-Dir - straight line, f/p - Maggie
Aim: Maggie, wielding a +1 glaive of flaming and wearing +0 steam dragon scales (severely wounded, mesmerising)
You feel a surge of power!
You draw life force from Maggie!
You feel life coursing into your body.
Maggie hits you with a +1 glaive of flaming!!
You die...

Skill      XL: |  1  2  3  4  5  6  7  8 |
---------------+-------------------------+-----
Spellcasting   | 3 4 5 6 7 |  7.2
Necromancy     | 5 6 8 9 |  9.0
Dodging        | |  1.5
Stealth        | |  1.5

Action                   |  1- 3 |  4- 6 |  7- 9 || total
-------------------------+-------+-------+-------++-------
Melee: Unarmed           |     4 |       |       ||     4
       Short sword       |       |       |    16 ||    16
 Fire: Hunting sling     |    32 |    18 |       ||    50
Throw: Dart              |       |       |     2 ||     2
 Cast: Necrotize         |    48 |    89 |    64 ||   201
       Vampiric Draining |       |     3 |     6 ||     9
Evoke: Wand              |       |       |     6 ||     6
  Use: Scroll            |       |     6 |     2 ||     8
Armor: Robe              |     3 |     1 |    12 ||    16
Dodge: Dodged            |    16 |    19 |    25 ||    60

Levels and vault maps discovered:
D:1:      psy_arrival_conway, layout_loops_corners, hangedman_decor_points,
          minmay_hexomino_c4
D:2:      layout_loops_corners, basic_altar, shapermc_ecumenical_altar_gd
D:3:      minmay_skewed_foursquare, layout_basic,
          minmay_misc_feat_secret_circle, minmay_misc_feat_pillars
D:4:      layout_basic, portal_sewer_entry_d, uniq_sigmund
D:5:      layout_loops_ring, trog_book, grunt_decor_mini_mirrors,
          guppyfry_early_lair_pool
D:6:      minmay_diamond_boxcup, layout_layer_cave,
          mainiacjoe_overflow_tiny_flanked, kennysheep_small_square, uniq_maggie

Notes
Turn   | Place    | Note
-------+----------+-------------------------------------------
     0 | D:1      | spiderkeys the Mummy Necromancer began the quest for the
                  | Orb.
     0 | D:1      | Reached XP level 1. HP: 13/13 MP: 4/4
     0 | D:1      | magus.rc [v1.11.3]
   332 | D:1      | Reached skill level 3 in Spellcasting
   357 | D:1      | Reached XP level 2. HP: 16/19 MP: 3/6
   544 | D:1      | Reached skill level 4 in Spellcasting
  1014 | D:2      | Found a faded altar of an unknown god.
  1157 | D:2      | Gained mutation: You are in touch with the powers of death.
                  | [Mummy growth]
  1157 | D:2      | Reached XP level 3. HP: 24/24 MP: 8/8
  1211 | D:2      | Found an ancient bone altar of Kikubaaqudgha.
  1907 | D:3      | Reached skill level 5 in Spellcasting
  2111 | D:3      | Reached XP level 4. HP: 29/30 MP: 11/11
  2170 | D:3      | You pick up a book of Alchemy and begin reading...
  2170 | D:3      | You add the spells Petrify and Irradiate to your library.
  2348 | D:3      | Identified the +1 robe of Zoselack {Fly Dex+4}
  2805 | D:4      | Reached skill level 5 in Necromancy
  2817 | D:4      | Reached XP level 5. HP: 35/35 MP: 10/12
  2824 | D:4      | Noticed an ogre
  2830 | D:4      | Killed an ogre
  2831 | D:4      | Reached skill level 6 in Necromancy
  2873 | D:4      | Learned a level 3 spell: Vampiric Draining
  2883 | D:4      | Found a glowing drain.
  2896 | Sewer    | Entered a sewer
  2963 | Sewer    | Reached XP level 6. HP: 41/41 MP: 13/13
  3347 | D:4      | Noticed Sigmund
  3360 | D:4      | Reached skill level 7 in Necromancy
  3361 | D:4      | Killed Sigmund
  3362 | D:4      | Reached skill level 8 in Necromancy
  3362 | D:4      | Reached XP level 7. HP: 20/46 MP: 4/14
  3936 | D:5      | Entered Level 5 of the Dungeon
  4197 | D:5      | HP: 8/46 [something/magic dart (6)]
  4512 | D:5      | Reached skill level 9 in Necromancy
  4633 | D:5      | Reached skill level 6 in Spellcasting
  4633 | D:5      | Reached XP level 8. HP: 25/52 MP: 9/17
  4843 | D:5      | Found a bloodstained altar of Trog.
  4878 | D:5      | Reached skill level 7 in Spellcasting
  5037 | D:5      | Identified the +1 helmet of Luypn {Str+3 Dex+2}
  5392 | D:6      | Noticed Maggie
  5402 | D:6      | HP: 9/52 [Maggie/bolt of fire (19)]
  5403 | D:6      | Slain by Maggie

Vanquished Creatures
  Sigmund (D:4)
  A black bear (D:5)
  An orc warrior (D:5)
  A centaur (D:5)
  3 hounds (D:5)
  3 jellies
  A gnoll shaman (D:4)
  An orc wizard (D:5)
  5 iguanas
  5 gnolls (D:4)
  13 adders
  A river rat (Sewer)
  An ufetubus (D:6)
  4 worms
  A dart slug (D:1)
  9 orcs
  5 endoplasms
  A hobgoblin (D:3)
  11 kobolds
  A quokka (D:1)
  10 ball pythons
  2 bats
  4 frilled lizards
  9 goblins
  8 rats
102 creatures vanquished.

Vanquished Creatures (collateral kills)
  An ogre (D:4)
  An adder (D:5)
  A dart slug (D:3)
  An orc (D:5)
  A ball python (Sewer)
  A giant cockroach (D:1)
  A kobold (D:3)
  A rat (D:1)
8 creatures vanquished.

Vanquished Creatures (others)
  2 demonic plants (D:2)
  A fungus (D:2)
  A plant (D:5)
4 creatures vanquished.

Grand Total: 114 creatures vanquished

Table legend:
 A = Non-vault XP
 B = Vault XP
 C = Vault XP percentage of total XP
 D = Non-vault monster count
 E = Vault monster count
 F = Vault count percentage of total count
                 A         B        C        D         E       F
            +---------+---------+-------+---------+---------+-------
      Total |    1242 |     424 |  25.5 |      72 |      38 |  34.5
            +---------+---------+-------+---------+---------+-------
        D:1 |      17 |       9 |  34.6 |      11 |       6 |  35.3
        D:2 |      32 |       0 |   0.0 |      12 |       0 |   0.0
        D:3 |      92 |      10 |   9.8 |      12 |       4 |  25.0
        D:4 |     406 |     261 |  39.1 |      22 |       2 |   8.3
        D:5 |     638 |      65 |   9.2 |      12 |       5 |  29.4
        D:6 |      57 |       0 |   0.0 |       3 |       0 |   0.0
      Sewer |       0 |      79 | 100.0 |       0 |      21 | 100.0
            +---------+---------+-------+---------+---------+-------

Illustrated notes

Table legend:
 A = Kills in this place as a percentage of kills in entire the game.
 B = Kills by you in this place as a percentage of kills by you in the entire game.
 C = Kills by friends in this place as a percentage of kills by friends in the entire game.
 D = Other kills in this place as a percentage of other kills in the entire game.
 E = Experience gained in this place as a percentage of experience gained in the entire game.
 F = Experience gained in this place divided by the number of levels of this place that you have seen.
                   A       B       C       D       E      F
               +-------+-------+-------+-------+-------+----------------------
         Total | 100.0 | 100.0 | 100.0 |   N/A | 100.0 | 238.0
       Dungeon |  80.9 |  80.4 |  87.5 |   N/A |  95.3 | 264.5
         Sewer |  19.1 |  19.6 |  12.5 |   N/A |   4.7 |  79.0
               +-------+-------+-------+-------+-------+----------------------

Table legend: (Time is in decaauts)
 A = Elapsed time spent in this place.
 B = Non-inter-level travel time spent in this place.
 C = Inter-level travel time spent in this place.
 D = Time resting spent in this place.
 E = Time spent auto-exploring this place.
 F = Levels seen in this place.
 G = Mean time per level.
                   A        B        C        D        E       F      G
               +--------+--------+--------+--------+--------+-----+--------+
         Total |   5431 |   5188 |    243 |    267 |   4052 |   7 |  775.9 |
       Dungeon |   5143 |   4900 |    243 |    267 |   3913 |   6 |  857.2 |
         Sewer |    287 |    287 |      0 |      0 |    139 |   1 |  287.0 |
               +--------+--------+--------+--------+--------+-----+--------+

Top non-repeatable levels by time:
     D:4: 1184 daAuts
     D:5: 1065 daAuts
     D:1: 1020 daAuts
     D:3: 862 daAuts
     D:2: 856 daAuts
   Sewer: 287 daAuts
     D:6: 155 daAuts
